 Dungeon Crawl Stone Soup version 0.28.0-43-g3370ac3207 (webtiles) character file.

Game seed: 13667071397309276939

198 tizbic2 the Ruffian (level 5, 0/27 HPs)
             Began as a Vine Stalker Fighter on Mar 4, 2022.
             Succumbed to a scorpion's poison
             ... on level 3 of the Dungeon.
             The game lasted 00:09:53 (2552 turns).

tizbic2 the Ruffian (Vine Stalker Fighter)          Turns: 2552, Time: 00:09:53

Health: 0/27       AC:  6    Str: 19    XL:     5   Next: 76%
Magic:  6/6        EV:  9    Int: 10    God:
Gold:   82         SH:  4    Dex: 11    Spells: 4/4 levels left

rFire   . . .      SeeInvis +     - Unarmed
rCold   . . .      Faith    .   h - +0 buckler
rNeg    . . .      Spirit   +   a - +0 scale mail
rPois   .          Reflect  .   (helmet restricted)
rElec   .          Harm     .   j - scarf {repulsion}
rCorr   .          Rampage  .   (no gloves)
Will    .....                   (no boots)
Stlth   ..........              (no amulet)
HPRegen 0.89/turn               d - ring of see invisible
MPRegen 0.10/turn               m - ring of flight

@: lethally poisoned (0 -> -1), flying, repel missiles
A: fangs 2, regeneration 1, magic shield, antimagic bite, no potion heal 2,
horns 1, clumsy 1
a: no special abilities


You were on level 3 of the Dungeon.
You visited 1 branch of the dungeon, and saw 3 of its levels.

You collected 82 gold pieces.

Inventory:

Missiles
 g - 3 curare-tipped darts (quivered)
Armour
 a - a +0 scale mail (worn)
 f - a +0 chain mail
 h - a +0 buckler (worn)
 j - a scarf of repulsion (worn)
Jewellery
 d - a ring of see invisible (left hand)
 m - a ring of flight (right hand)
Scrolls
 e - 2 scrolls of fog
 i - a scroll of noise
Potions
 c - a potion of might


   Skills:
 - Level 2.7 Fighting
 - Level 2.4 Armour
 + Level 3.9 Shields
 * Level 4.8 Unarmed Combat


You had 4 spell levels left.
You didn't know any spells.
Your spell library contained the following spells:

 Spells                   Type           Power      Damage    Failure   Level
 Freeze                   Ice            0%         1d3       83%         1
 Ensorcelled Hibernation  Hex/Ice        0%         N/A       92%         2
 Passwall                 Tmut/Erth      0%         N/A       92%         2
 Frozen Ramparts          Ice            0%         1d2       99%         3
 Swiftness                Air            0%         N/A       99%         3
 Hailstorm                Conj/Ice       0%         3d3       100%        4


Dungeon Overview and Level Annotations

Branches:
Dungeon (3/15)

Altars:
Trog

Annotations:
D:3 3 runed translucent doors, smarlow's ghost, amateur DjCj


Innate Abilities, Weirdness & Mutations

You have extremely sharp teeth.
Your natural rate of healing is unusually fast.
When hurt, damage is shared between your health and your magic reserves.
Your bite disrupts and absorbs the magic of your enemies.
Potions cannot restore your health.
You have a pair of small horns on your head.
You are clumsy. (Dex -2)


Message History

The scorpion is almost dead.
You feel sick. The scorpion stings you.
You are more poisoned.
The scorpion poisons you! The goblin barely misses you.
You barely miss the scorpion. Your bite misses the scorpion.
The scorpion is almost dead.
You feel very sick. The scorpion stings you.
The goblin hits you but does no damage. The scorpion stings you.
* * * LOW HITPOINT WARNING * * *
You closely miss the goblin. You bite the goblin. You drain its power.
You feel invigorated.
The goblin is severely wounded.
* * * LOW HITPOINT WARNING * * *
You feel very sick. You block the goblin's attack. The scorpion misses you.
You punch the scorpion!
You kill the scorpion!
* * * LOW HITPOINT WARNING * * *
You feel very sick. The goblin barely misses you.
You closely miss the goblin. You bite the goblin.
You kill the goblin!
* * * LOW HITPOINT WARNING * * *
You feel sick. The ball python barely misses you. x2
You closely miss the ball python.
* * * LOW HITPOINT WARNING * * *
You feel sick.
The ball python bites you but does no damage.
You block the ball python's attack.
It was a potion of mutation.
You feel extremely strange.
You feel clumsy. A pair of horns grows on your head!
* * * LOW HITPOINT WARNING * * *
You feel sick.
The ball python bites you but does no damage.
The ball python barely misses you. You block the ball python's attack.
The ball python closely misses you.
You hit the ball python. Your bite misses the ball python.
The ball python is moderately wounded.
You die...

,,,,,,#....S....##.#.#.,,,,,*
*,*,*,#.#.#.#.#.#.#.#...,,,,*
,*,*,#.#.#.#.#.#.#.#.#..,,,,*
*,*,#.#.#.#.#.#$#.#.#..,,,,,*****
,*,#.#.#.#.#.#.#.#.#.#,,,,,,*,,>,
*,#.#.......#.#.#.#.#,,,,,,,*,***
,#.#.#.....#.#.#.#.#,**,,,***,*
*.#.###+++###.#S#.#,*,,,,,* *,*
,*.##.....ZZ##.#@#,*,*,,,,***,*
*,*,##.....*#.#.#)#,*,,,,,,,,,*
,*,**....W.,##.#,#.#,**********
*,*,*#..[$,*#.#,*,#.#,,,,****
,*,**,.#.#,,##,*,*,#.#*,,,,,*
*,*,*********,*,*,*,#..,,,,,*
,*,*,*,*,*,*,*,*,*,*,#..,,,,*
*,*,*,*,*,*,*,*,*,*,*,..,,,,*
,*,*,*,*,*,*,*,*,*,*,*,,,,,,***


You could see a ball python.

Vanquished Creatures
  A scorpion (D:3)
  Natasha (twice) (D:2)
  3 adders (D:2)
  A worm (D:2)
  A dart slug (D:1)
  3 endoplasms
  A giant cockroach (D:1)
  4 hobgoblins
  8 jackals
  4 quokkas
  4 ball pythons
  6 bats
  A frilled lizard (D:2)
  7 goblins
  6 kobolds
  4 rats
56 creatures vanquished.

Notes
Turn   | Place    | Note
-------+----------+-------------------------------------------
     0 | D:1      | tizbic2 the Vine Stalker Fighter began the quest for the
                  | Orb.
     0 | D:1      | Reached XP level 1. HP: 11/11 MP: 2/2
   705 | D:1      | Reached XP level 2. HP: 16/16 MP: 3/3
  1588 | D:1      | Reached skill level 3 in Unarmed Combat
  1588 | D:1      | Reached XP level 3. HP: 12/19 MP: 2/4
  2160 | D:2      | Gained mutation: Your natural rate of healing is unusually
                  | fast. [Vine Stalker growth]
  2160 | D:2      | Reached XP level 4. HP: 16/23 MP: 3/5
  2166 | D:2      | Noticed Natasha
  2177 | D:2      | Killed Natasha
  2243 | D:2      | Reached skill level 4 in Unarmed Combat
  2340 | D:2      | Noticed Natasha
  2348 | D:2      | Killed Natasha
  2349 | D:2      | Reached XP level 5. HP: 25/27 MP: 2/6
  2389 | D:2      | Found a bloodstained altar of Trog.
  2525 | D:3      | Found a runed translucent gate.
  2530 | D:3      | Found a runed translucent gate.
  2530 | D:3      | Found a runed translucent gate.
  2538 | D:3      | Noticed smarlow's ghost (amateur DjCj)
  2551 | D:3      | Gained mutation: You are clumsy. (Dex -2) [potion of
                  | mutation]
  2551 | D:3      | Gained mutation: You have a pair of small horns on your
                  | head. [potion of mutation]
  2551 | D:3      | HP: 1/27 [poisoned by a scorpion]
  2552 | D:3      | Succumbed to a scorpion's poison

Illustrated notes

Levels and vault maps discovered:
D:1:      ebering_hopf_link, layout_basic, chequers_serial_rivers_marsh
D:2:      layout_rooms, basic_altar, grunt_ministairs_7,
          kennysheep_generic_room_9, uniq_natasha
D:3:      layout_basic, portal_sewer_entry_c, gammafunk_ghost_necromancy,
          uniq_terence

Skill      XL: |  1  2  3  4 |
---------------+-------------+-----
Shields        | 3 |  3.9
Unarmed Combat | 3 4 |  4.8
Fighting       | |  2.7
Armour         | |  2.4

Action                   |  1- 3 |  4- 6 || total
-------------------------+-------+-------++-------
Melee: Unarmed           |   130 |    62 ||   192
       Bite              |    32 |    13 ||    45
  Use: Scroll            |       |     4 ||     4
       Potion            |       |     1 ||     1
Armor: Scale mail        |    50 |    22 ||    72
Dodge: Dodged            |    42 |    24 ||    66
Block: Buckler           |    32 |    12 ||    44
